 Dungeon Crawl Stone Soup version 0.31.0-32-g396128a36d (webtiles) character file.

Game seed: 9798294001727751137

90 imdaedric the Shooter (level 4, 0/40 HPs)
             Began as a Naga Hunter on Apr 24, 2024.
             Slain by a hobgoblin (2 damage)
             ... led by Robin
             ... on level 2 of the Dungeon.
             The game lasted 00:03:53 (1141 turns).

imdaedric the Shooter (Naga Hunter)                 Turns: 1141, Time: 00:03:53

Health: 0/40       AC:  3    Str: 13    XL:     4   Next: 56%
Magic:  4/4        EV: 10    Int:  9    God:
Gold:   90         SH:  0    Dex: 17    Spells: 3/3 levels left

rFire   . . .        a - +1 shortbow
rCold   . . .        (shield currently unavailable)
rNeg    . . .        c - +0 leather armour
rPois   +            f - +1 hat
rElec   .            (no cloak)
rCorr   +            (no gloves)
SInv    +            (no barding)
Will    .....        (no amulet)
Stlth   +++          d - ring of resist corrosion
HPRegen 0.26/turn    (no ring)
MPRegen 0.09/turn

%: no passive effects
@: on berserk cooldown, slowed, very slow
A: AC +1, large, see invisible, deformed body, poison resistance, slowness 2,
spit poison 1, naga tail 1, camouflage 1, sense surroundings 1
a: Spit Poison


You were on level 2 of the Dungeon.
You visited 1 branch of the dungeon, and saw 2 of its levels.

You collected 90 gold pieces.

Inventory:

Hand Weapons
 a - a +1 shortbow (weapon)
Armour
 c - a +0 leather armour (worn)
 f - a +1 hat (worn)
Jewellery
 d - a ring of resist corrosion (left hand)
Talismans
 k - a serpent talisman
Scrolls
 b - a scroll of butterflies
 l - a scroll of teleportation {unknown}
Potions
 e - a potion of brilliance {unknown}
 g - 3 potions of cancellation
 h - a potion of curing {unknown}


   Skills:
 + Level 2.8 Fighting
 + Level 4.1 Ranged Weapons
 + Level 2.2 Dodging
 + Level 3.5 Stealth


You had 3 spell levels left.
You didn't know any spells.
Your spell library contained the following spells:

 Spells                   Type           Power      Damage    Failure   Level
 Frozen Ramparts          Ice            0%         1d1       83%         3
 Hailstorm                Conj/Ice       0%         3d5       83%         3
 Summon Ice Beast         Ice/Summ       0%         N/A       83%         3
 Leda's Liquefaction      Alch/Erth      0%         N/A       99%         4
 Petrify                  Alch/Erth      0%         N/A       99%         4
 Metabolic Englaciation   Hex/Ice        0%         N/A       100%        5
 Sculpt Simulacrum        Ice/Alch       0%         N/A       100%        6


Dungeon Overview and Level Annotations

Branches:
Dungeon (2/15)

Altars:


Innate Abilities, Weirdness & Mutations

Your serpentine skin is tough. (AC +1)
You have supernaturally acute eyesight. (SInv)
Armour fits poorly on your strangely shaped body.
Your system is resistant to poisons. (rPois)
You cover ground very slowly.
You can spit poison.
You have a snake-like lower body.
Your skin changes colour to match your surroundings (Stealth+).
You passively map a small area around you.


Message History

The goblin attacks as it pursues you! The goblin hits you but does no damage.
The hobgoblin misses you. The goblin attacks as it pursues you!
The goblin barely misses you. x2
The goblin attacks as it pursues you! The goblin hits you with a +0 club.
* * * LOW HITPOINT WARNING * * *
It was a potion of mutation.
You feel extremely strange.
Your skin functions as natural camouflage.
You feel a strange attunement to the structure of the dungeons.
The goblin hits you but does no damage.
It was a potion of berserk rage.
A red film seems to cover your vision as you go berserk!
You feel yourself moving faster!
You feel mighty!
The hobgoblin hits you but does no damage.
You are too berserk!
Unknown command.
You are too berserk!
Unknown command.
You are too injured to fight recklessly!
You are too injured to fight recklessly!
You are too berserk!
You feel a strong urge to attack something.
The hobgoblin attacks as it pursues you!
The hobgoblin hits you.
* * * LOW HITPOINT WARNING * * *
You feel your anger nearly subside. The goblin hits you but does no damage.
You are no longer berserk.
You are exhausted.
You feel yourself slow down. The goblin attacks as it pursues you!
The goblin misses you.
Unknown command.
Fire: a) +1 shortbow
Press: ? - help, Shift-Dir - straight line, f/p - goblin
Aim: a goblin, wielding a +0 club (58% to hit)
You shoot an arrow. The arrow hits the goblin.
The goblin is severely wounded.
The goblin hits you with a +0 club.
* * * LOW HITPOINT WARNING * * *
The hobgoblin hits you.
You die...

#....#####.......#####.........
#...##...##.....##...######..##
#..##.....##...##.....## #†...
#..#.......#...#.......# #....
#..#.......'...†.......# ...#.
####.......#...#.......# ...#.
##.....##...##.....##
##...###.gg###...## ##### #.g@#
#####,, * ##..§###...###...## ,
*##..§§§##...##.....##
#...§...#...#.......# *
#.......)...'..)†...# *
#.......#...#.......# ,
##.....##)..##.....##.... ,
##...###...###...##......* ,
##### #...# #####.......


You could see a hobgoblin and 2 goblins.

Vanquished Creatures
  Robin (D:2)
  An adder (D:2)
  3 dart slugs
  A ribbon worm (D:2)
  An orc (D:2)
  5 endoplasms
  4 giant cockroaches
  9 hobgoblins
  A jackal (D:2)
  2 kobolds (D:2)
  4 quokkas
  A ball python (D:2)
  6 bats
  A frilled lizard (D:1)
  9 goblins
  4 rats
53 creatures vanquished.

Notes
Turn   | Place    | Note
-------+----------+-------------------------------------------
     0 | D:1      | imdaedric the Naga Hunter began the quest for the Orb.
     0 | D:1      | Reached XP level 1. HP: 19/19 MP: 1/1
   100 | D:1      | Reached XP level 2. HP: 26/26 MP: 2/2
   466 | D:1      | Reached XP level 3. HP: 26/33 MP: 3/3
   758 | D:2      | Found a faded altar of an unknown god.
   887 | D:2      | Reached skill level 4 in Ranged Weapons
   935 | D:2      | Reached XP level 4. HP: 39/40 MP: 4/4
  1097 | D:2      | Noticed Robin
  1103 | D:2      | Killed Robin
  1135 | D:2      | Gained mutation: Your skin changes colour to match your
                  | surroundings (Stealth+). [potion of mutation]
  1135 | D:2      | Gained mutation: You passively map a small area around you.
                  | [potion of mutation]
  1137 | D:2      | HP: 3/60 [hobgoblin[Robin] (3)]
  1141 | D:2      | Slain by a hobgoblin

Illustrated notes

Levels and vault maps discovered:
D:1:      psy_arrival_statuary, layout_basic
D:2:      kennysheep_six_static_rooms, layout_rooms,
          nicolae_ecumenical_pavilion, uniq_robin

Skill      XL: |  1  2  3 |
---------------+----------+-----
Stealth        | 2 3 |  3.5
Dodging        | 2 |  2.2
Ranged Weapons | 4 |  4.1
Fighting       | |  2.8

Action                     |  1- 3 |  4- 6 || total
---------------------------+-------+-------++-------
   Fire: Shortbow          |    86 |    52 ||   138
    Use: Scroll            |     4 |       ||     4
         Potion            |       |     3 ||     3
 Armour: Leather armour    |    24 |    46 ||    70
  Dodge: Dodged            |    12 |    26 ||    38
